 Dungeon Crawl Stone Soup version 0.20.1-1-g8b1a95d (webtiles) character file.

16274 dohliylev the Unseen (level 12, -4/86 HPs)
             Began as a Vampire Enchanter on Aug 8, 2017.
             Was a High Priest of Dithmenos.
             Slain by a fire bat (7 damage)
             ... in a volcano.
             The game lasted 01:19:16 (15523 turns).

dohliylev the Unseen (Vampire Enchanter)           Turns: 15523, Time: 01:19:17

Health: -4/86      AC:  0    Str:  7    XL:     12   Next: 8%
Magic:  8/23       EV: 32    Int: 22    God:    Dithmenos [*****.]
Gold:   606        SH:  0    Dex: 20    Spells: 8/25 levels left

rFire    . . .     SeeInvis +   (weapon currently unavailable)
rCold    . . .     Gourm    .   (shield currently unavailable)
rNeg     + . .     Faith    +   (armour currently unavailable)
rPois    .         Spirit   .   (helmet currently unavailable)
rElec    .         Reflect  .   (cloak currently unavailable)
rCorr    .         Harm     .   (gloves currently unavailable)
MR       +....                  (boots currently unavailable)
Stlth    ++++++++++             r - amulet of faith
Regen    0.3/turn               (ring currently unavailable)
MPRegen  0.2/turn               (ring currently unavailable)

@: bat-form, flying, wreathed by umbra, very quick
A: fangs 3, see invisible
a: End Transformation, Shadow Step, Shadow Form, Renounce Religion


You were in a volcano.
You worshipped Dithmenos.
Dithmenos was extremely pleased with you.
You were not thirsty.
You were in vampire-bat-form.
You visited 2 branches of the dungeon, and saw 13 of its levels.
You also visited: Volcano.

You collected 632 gold pieces.
You spent 26 gold pieces at shops.

Inventory:

Hand Weapons
 a - a +2 dagger of draining (melded)
 y - a +0 short sword of speed
 J - a +0 dagger of freezing
 O - a +1 dagger of protection
 P - a +4 scimitar
Armour
 b - a +0 robe (melded)
 p - a +2 helmet (melded)
 F - a +0 pair of gloves (melded)
 N - a +0 troll leather armour
Magical Staves
 i - an uncursed staff of conjuration {unknown}
Jewellery
 l - a ring of ice (melded)
 r - an amulet of faith (around neck)
 t - a ring of positive energy (melded)
 z - an uncursed amulet of rage
 H - an uncursed ring of resist corrosion
Wands
 j - a wand of iceblast (6/15)
 q - a wand of digging (15/24)
 x - a wand of iceblast (8/15)
 L - a wand of confusion (31/48)
Scrolls
 h - 3 scrolls of amnesia
 m - 2 scrolls of remove curse
 n - 12 scrolls of teleportation
 o - 2 scrolls of enchant weapon
 v - 3 scrolls of enchant armour
 w - 2 scrolls of recharging
 A - a scroll of vulnerability
 K - 2 scrolls of identify
 M - a scroll of blinking
Potions
 d - 10 potions of blood
 e - a potion of invisibility {unknown}
 f - 4 potions of heal wounds
 g - 2 potions of brilliance
 k - a potion of might
 s - a potion of lignification {unknown}
 u - a potion of resistance {unknown}
 D - a potion of flight {unknown}
 E - a potion of degeneration {unknown}
 G - a potion of ambrosia {unknown}
 I - a potion of curing
Books
 c - a book of Maledictions

   Spells                             Type                      Level
   a - Corona                         Hexes                        1
   b - Ensorcelled Hibernation        Hexes/Ice                    2
   c - Confuse                        Hexes                        3
   d - Tukima's Dance                 Hexes                        3
   e - Dazzling Spray                 Conjuration/Hexes            3
 B - a book of Minor Magic

   Spells                             Type                      Level
   a - Magic Dart                     Conjuration                  1
   b - Blink                          Translocation                2
   c - Call Imp                       Summoning                    2
   d - Slow                           Hexes                        2
   e - Conjure Flame                  Conjuration/Fire             3
   f - Mephitic Cloud                 Conjuration/Poison/Air       3
 C - a book of Callings

   Spells                             Type                      Level
   a - Summon Small Mammal            Summoning                    1
   b - Call Imp                       Summoning                    2
   c - Call Canine Familiar           Summoning                    3
   d - Summon Guardian Golem          Hexes/Summoning              3
   e - Summon Lightning Spire         Summoning/Air                4
   f - Summon Ice Beast               Ice/Summoning                4


   Skills:
 + Level 5.5 Fighting
 - Level 8.1 Short Blades
 + Level 11.9 Dodging
 - Level 15.0 Stealth
 - Level 7.3 Spellcasting
 - Level 7.0 Hexes
 - Level 4.0 Ice Magic


You had 8 spell levels left.
You knew the following spells:

 Your Spells              Type           Power        Failure   Level  Hunger
a - Corona                Hex            #####..      1%          1    None
b - Ensorcelled Hibernat  Hex/Ice        ####..       1%          2    None
c - Confuse               Hex            #####...     1%          3    None
d - Blink                 Tloc           N/A          12%         2    None
e - Mephitic Cloud        Conj/Pois/Air  #.......     24%         3    None
f - Dazzling Spray        Conj/Hex       ###...       5%          3    None
g - Call Canine Familiar  Summ           #.......     24%         3    None


Dungeon Overview and Level Annotations

Branches:
Dungeon (12/15)            Temple (0/1) D:5            Lair (1/6) D:11
    Orc: D:9-12

Altars:
Ashenzari
Dithmenos
Gozag
Okawaru
Qazlal
Trog
The Shining One

Shops:
D:4 [   D:5 **

Annotations:
Volcano hilaritas's ghost, journeyman FoFi


Innate Abilities, Weirdness & Mutations

You have razor-sharp teeth.
You have supernaturally acute eyesight. (SInv)
((You can survive without breathing.))


Message History

The fire bat barely misses you. The fire bat misses you.
The fire bat completely misses you. The fire bat closely misses you.
The lava snake spits lava at you. The glob of lava misses you.
The fire bat completely misses you. The fire bat completely misses you.
The fire bat barely misses you. The fire bat completely misses you.
The fire bat completely misses you. The fire bat closely misses you.
The fire bat barely misses you. The fire bat completely misses you.
The fire bat closely misses you. The fire bat barely misses you.
The fire bat bites you.
* * * LOW HITPOINT WARNING * * *
You are engulfed in flames!
You die...

#### #### ##### # ##..##
##..####...### ####
###....#####....##.....##
#..####.§.....bb...............
####.............................
#.§......§..§.§§.................
.........§.§..§.§§§..............
...........§.≈≈§§§≈≈≈≈§≈§§≈S≈≈≈§§
.........§§§§≈§≈§§§≈≈§§§≈≈≈≈≈≈≈≈§
........§§§§≈§≈§S§§§≈§≈≈≈≈≈§≈§≈≈§
......≈≈≈§§≈≈§§§§§≈§≈§§≈≈§≈§≈≈§§≈
..§§§≈§§§§≈≈§§≈§≈≈≈≈≈≈≈§≈≈≈≈≈≈≈≈§


You could see a fire bat and a lava snake (sleeping).

Vanquished Creatures
  A two-headed ogre (D:8)
  3 hydras
  Erica (Lair:1)
  3 death yaks (D:11)
  A tengu warrior (D:11)
  Pikel (D:7)
  An ugly thing (D:11)
  A cyclops (D:11)
  A gargoyle (D:11)
  A spiny frog (Lair:1)
  A centaur skeleton (D:9)
  A komodo dragon (Lair:1)
  A queen bee (D:8)
  A troll (D:11)
  Prince Ribbit (Lair:1)
  A blink frog (Lair:1)
  A hippogriff (D:8)
  3 fire bats (Lair:1)
  2 humans (D:8)
  2 hungry ghosts (D:9)
  The ghost of polve the Sneak, an amateur KoAs (D:3)
  2 ice beasts
  4 orc warriors
  2 sky beasts
  A necrophage (D:9)
  5 ogres
  6 centaurs
  A crocodile (Lair:1)
  3 big kobolds
  11 bullfrogs
  A gnoll sergeant (D:8)
  5 scorpions
  27 killer bees
  4 wights (D:11)
  4 howler monkeys
  A crimson imp (D:9)
  A bullfrog zombie (D:9)
  A centaur zombie (D:5)
  3 jellies
  6 hounds
  A bullfrog skeleton (D:11)
  10 orc priests
  8 orc wizards
  11 worker ants
  5 iguanas
  2 hell rats
  2 hound skeletons
  A mummy (D:7)
  2 worker ant zombies
  6 gnolls
  A howler monkey skeleton (D:6)
  12 adders
  2 shadow imps
  3 oozes
  An adder zombie (D:6)
  An adder skeleton (D:5)
  3 worms (D:2)
  3 dart slugs
  A leopard gecko (D:4)
  64 orcs
  10 bats
  5 giant cockroaches
  7 goblins
  9 hobgoblins
  10 jackals
  22 kobolds
  7 quokkas
  7 frilled lizards
  A hobgoblin zombie (D:7)
  3 kobold zombies (D:7)
  A quokka skeleton (D:4)
  10 rats
348 creatures vanquished.

Vanquished Creatures (collateral kills)
  A killer bee (D:7)
1 creature vanquished.

Vanquished Creatures (others)
  4 slaves (D:7)
  A scorpion (D:7)
  2 gnolls (D:7)
  An orc (D:7)
  A giant cockroach (D:7)
  2 kobolds (D:7)
  A fungus (Lair:1)
  A plant (Lair:1)
13 creatures vanquished.

Grand Total: 362 creatures vanquished

Notes
Turn   | Place    | Note
-------+----------+-------------------------------------------
     0 | D:1      | dohliylev the Vampire Enchanter began the quest for the Orb.
     0 | D:1      | Reached XP level 1. HP: 13/13 MP: 3/3
    99 | D:1      | Reached skill level 5 in Stealth
   202 | D:1      | Reached XP level 2. HP: 13/19 MP: 3/5
   214 | D:1      | Learned a level 2 spell: Ensorcelled Hibernation
   847 | D:1      | Reached skill level 6 in Stealth
  1102 | D:2      | Found a shadowy altar of Dithmenos.
  1103 | D:2      | Reached XP level 3. HP: 24/24 MP: 6/6
  1236 | D:2      | Became a worshipper of Dithmenos the Shadowed
  1250 | D:2      | Reached skill level 7 in Stealth
  1338 | D:2      | Reached XP level 4. HP: 25/30 MP: 2/7
  2101 | D:3      | Reached skill level 8 in Stealth
  2341 | D:3      | Reached * piety under Dithmenos
  2474 | D:3      | Reached XP level 5. HP: 35/35 MP: 1/8
  2653 | D:3      | Noticed polve's ghost (amateur KoAs)
  2702 | D:3      | Learned a level 3 spell: Confuse
  2709 | D:3      | Killed polve's ghost
  2709 | D:3      | Reached skill level 10 in Stealth
  2724 | D:3      | Reached XP level 6. HP: 41/41 MP: 4/9
  2872 | D:4      | Found Heziulox's Antique Armour Emporium.
  3082 | D:4      | Reached skill level 11 in Stealth
  3831 | D:4      | Reached skill level 1 in Ice Magic
  3941 | D:5      | Entered Level 5 of the Dungeon
  4076 | D:5      | Found Haytitt's General Store.
  4086 | D:5      | Bought a scroll of identify for 26 gold pieces
  4165 | D:5      | Found an opulent altar of Gozag.
  4311 | D:5      | Reached XP level 7. HP: 46/46 MP: 3/10
  4422 | D:5      | Found Gozag's Platinum Reserve.
  4433 | D:5      | Reached ** piety under Dithmenos
  4818 | D:5      | Reached skill level 5 in Hexes
  5667 | D:5      | Found a staircase to the Ecumenical Temple.
  6172 | D:6      | Reached *** piety under Dithmenos
  6352 | D:6      | Reached XP level 8. HP: 46/52 MP: 3/12
  6445 | D:6      | Found a shattered altar of Ashenzari.
  6611 | D:6      | Reached skill level 5 in Short Blades
  6624 | D:6      | You fall through a shaft!
  6729 | D:7      | Reached skill level 5 in Dodging
  7078 | D:7      | Noticed Pikel
  7101 | D:7      | Killed Pikel
  7456 | D:7      | Reached XP level 9. HP: 57/57 MP: 13/13
  7473 | D:7      | You fall through a shaft for 2 floors!
  7580 | D:8      | Reached **** piety under Dithmenos
  7878 | D:8      | Learned a level 2 spell: Blink
  7882 | D:8      | Learned a level 3 spell: Mephitic Cloud
  7886 | D:8      | Learned a level 3 spell: Dazzling Spray
  7924 | D:8      | Noticed a queen bee
  7978 | D:8      | Reached skill level 10 in Dodging
  8027 | D:8      | Killed a queen bee
  8464 | D:8      | Noticed a two-headed ogre
  8552 | D:8      | Killed a two-headed ogre
  8552 | D:8      | Reached skill level 12 in Stealth
  8627 | D:8      | Reached XP level 10. HP: 63/63 MP: 14/17
  8818 | D:8      | Found an iron altar of Okawaru.
  8823 | D:8      | Reached skill level 13 in Stealth
  8952 | D:8      | Reached skill level 14 in Stealth
  9201 | D:6      | Found a stormy altar of Qazlal.
  9817 | D:7      | Reached skill level 15 in Stealth
 10028 | D:8      | Found a bloodstained altar of Trog.
 10619 | D:9      | Reached skill level 5 in Spellcasting
 11147 | D:9      | Reached skill level 1 in Fighting
 11321 | D:9      | Reached ***** piety under Dithmenos
 11953 | D:10     | Entered Level 10 of the Dungeon
 12814 | D:11     | Noticed a death yak
 12823 | D:11     | Noticed a death yak
 12823 | D:11     | Noticed a gargoyle
 12823 | D:11     | Noticed a cyan ugly thing
 12823 | D:11     | Found a staircase to the Lair.
 12824 | D:11     | Killed a death yak
 12824 | D:11     | Reached XP level 11. HP: 70/70 MP: 14/20
 12826 | D:11     | Noticed a death yak
 12848 | D:11     | Killed a death yak
 13453 | D:11     | Got a bloodstained short sword
 13479 | D:11     | Noticed a four-headed hydra
 13485 | D:11     | Killed a four-headed hydra
 13499 | D:11     | Identified the +1 short sword of Hepliaklqana {holy, *Drain +Rage rF++ Dex+2} (You found it on level 11 of the Dungeon)
 13677 | D:11     | Noticed a tengu warrior
 13912 | D:11     | Killed a tengu warrior
 14234 | D:11     | Killed a cyan ugly thing
 14311 | D:11     | Found an opulent altar of Gozag.
 14580 | D:11     | Killed a death yak
 14762 | Lair:1   | Entered Level 1 of the Lair of Beasts
 14769 | Lair:1   | Noticed a four-headed hydra
 14815 | Lair:1   | Found a glowing golden altar of the Shining One.
 14884 | Lair:1   | Noticed a four-headed hydra
 14905 | Lair:1   | Killed a four-headed hydra
 14911 | Lair:1   | Killed a four-headed hydra
 14964 | Lair:1   | Noticed Prince Ribbit
 14970 | Lair:1   | Killed Prince Ribbit
 14970 | Lair:1   | Reached skill level 5 in Fighting
 15005 | Lair:1   | Noticed Erica
 15010 | Lair:1   | Killed Erica
 15010 | Lair:1   | Reached XP level 12. HP: 86/86 MP: 17/23
 15029 | Lair:1   | Noticed a six-headed hydra
 15216 | Lair:1   | Found a dark tunnel.
 15230 | Volcano  | Entered a volcano
 15341 | Volcano  | Learned a level 3 spell: Call Canine Familiar
 15442 | Volcano  | Noticed hilaritas's ghost (journeyman FoFi)
 15505 | Volcano  | HP: 3/86 [something (13)]
 15523 | Volcano  | HP: 3/86 [fire bat (2)]
 15523 | Volcano  | Slain by a fire bat

Skill      XL: |  1  2  3  4  5  6  7  8  9 10 11 |
---------------+----------------------------------+-----
Stealth        | 5 6 7 8 10 11 12 15 | 15.0
Short Blades   | 2 4 5 6 8 |  8.1
Ice Magic      | 1 3 4 |  4.0
Hexes          | 5 6 7 |  7.0
Spellcasting   | 3 4 6 7 |  7.3
Dodging        | 4 8 10 11 | 11.9
Fighting       | 1 5 |  5.5

Action                   |  1- 3 |  4- 6 |  7- 9 | 10-12 || total
-------------------------+-------+-------+-------+-------++-------
Melee: Dagger            |    92 |   101 |   276 |   289 ||   758
       Bite              |     5 |     3 |    20 |     9 ||    37
 Cast: Corona            |     6 |       |       |       ||     6
       Ensorcelled Hiber |    22 |    48 |   113 |   141 ||   324
       Confuse           |       |     4 |    11 |    39 ||    54
       Call Canine Famil |       |       |       |     5 ||     5
Invok: Shadow Step       |       |       |     1 |     5 ||     6
 Abil: Bat Form          |       |     6 |     2 |     4 ||    12
       End Transformatio |       |     6 |     2 |     3 ||    11
  Use: Scroll            |       |     8 |     5 |     4 ||    17
       Potion            |       |     2 |     6 |     1 ||     9
 Stab: Sleeping          |    21 |    43 |    76 |   119 ||   259
       Confused          |       |     2 |     8 |    15 ||    25
       Distracted        |       |       |       |     1 ||     1
  Eat: Corpse            |    10 |     4 |    15 |    20 ||    49
Armor: Robe              |    19 |    20 |    32 |    20 ||    91
Dodge: Dodged            |    63 |    50 |   186 |   226 ||   525
